 Dungeon Crawl Stone Soup version 0.32-a0-913-g739538afd8 (webtiles) character file.

Game seed: 1480735134253768447

6185 zazu2006 the Protected (level 10, -3/77 HPs)
             Began as a Gnoll Wanderer on Apr 9, 2024.
             Was a Priest of Vehumet.
             Slain by a komodo dragon (18 damage)
             ... on level 1 of the Lair of Beasts.
             The game lasted 00:29:52 (5949 turns).

zazu2006 the Protected (Gnoll Wanderer)             Turns: 5949, Time: 00:29:52

Health: -3/77      AC: 17    Str: 14    XL:     10   Next: 91%
Magic:  12/18      EV:  9    Int: 13    God:    Vehumet [***...]
Gold:   842        SH:  0    Dex: 15    Spells: 16/20 levels left

rFire   . . .        a - +0 quarterstaff (freeze)
rCold   . . .        (shield currently unavailable)
rNeg    . . .        u - +0 chain mail of the Evening Star {Dex+3}
rPois   +            D - +0 helmet
rElec   .            (no cloak)
rCorr   .            (no gloves)
SInv    .            f - +2 pair of boots
Will    .....        (no amulet)
Stlth   +            y - ring of wizardry
HPRegen 0.32/turn    s - ring of poison resistance
MPRegen 0.16/turn

%: wizardry (x1)
@: no status effects
A: fangs 1, strong nose, distributed training
a: Renounce Religion


You were on level 1 of the Lair of Beasts.
You worshipped Vehumet.
Vehumet was most pleased with you.
You visited 2 branches of the dungeon, and saw 10 of its levels.
You also visited: Ossuary and Bailey.

You collected 842 gold pieces.

Inventory:

Hand Weapons
 a - a +0 quarterstaff of freezing (weapon)
 n - a +1 dagger of venom
 r - a +2 trident of draining
 E - a +3 spear
Missiles
 q - 17 poisoned darts (quivered)
Armour
 f - a +2 pair of boots (worn)
 u - the +0 chain mail of the Evening Star (worn) {Dex+3}
   (You found it on level 5 of the Dungeon)

   Dex+3:     It affects your dexterity (+3).
 D - a +0 helmet (worn)
 M - an orb of guile
Magical Staves
 g - a staff of cold
Jewellery
 e - a ring of willpower
 k - a ring of magical power
 s - a ring of poison resistance (right hand)
 y - a ring of wizardry (left hand)
 L - a +6 ring of intelligence
Wands
 c - a wand of polymorph (9)
Scrolls
 j - a scroll of enchant weapon
 l - 2 scrolls of teleportation
 v - 2 scrolls of amnesia {unknown}
 x - a scroll of summoning
 B - 7 scrolls of enchant armour
 J - a scroll of fog {unknown}
 K - a scroll of silence {unknown}
 N - a scroll of revelation {unknown}
Potions
 b - 5 potions of heal wounds
 d - 4 potions of lignification
 h - a potion of berserk rage
 i - 2 potions of ambrosia
 o - a potion of mutation {unknown}
 p - 3 potions of haste
 t - a potion of might {unknown}
 A - a potion of curing {unknown}
 F - a potion of brilliance {unknown}
 G - a potion of invisibility {unknown}
 H - a potion of magic {unknown}
 I - a potion of cancellation {unknown}
 O - 2 potions of enlightenment {unknown}


   Skills:
 + Level 6.5 Fighting
 + Level 5.9 Short Blades
 + Level 5.9 Long Blades
 + Level 5.9 Axes
 + Level 5.9 Maces & Flails
 + Level 5.9 Polearms
 + Level 6.5 Staves
 + Level 5.9 Ranged Weapons
 + Level 6.5 Throwing
 + Level 11.9 Armour
 + Level 5.9 Dodging
 + Level 6.4 Stealth
 + Level 5.9 Shields
 + Level 5.9 Unarmed Combat
 + Level 5.9 Spellcasting
 + Level 4.9 Conjurations
 + Level 4.9 Hexes
 + Level 4.9 Summonings
 + Level 4.9 Necromancy
 + Level 4.9 Translocations
 + Level 4.9 Fire Magic
 + Level 4.9 Ice Magic
 + Level 4.9 Air Magic
 + Level 4.9 Earth Magic
 + Level 4.9 Alchemy
 + Level 6.5 Invocations
 + Level 6.5 Evocations
 + Level 5.4 Shapeshifting


You had 16 spell levels left.
You knew the following spells:

 Your Spells              Type           Power      Damage    Failure   Level
a - Sandblast             Erth           32%        2d9       2%          1
b - Hailstorm             Conj/Ice       16%        3d6       6%          3

Your spell library contained the following spells:

 Spells                   Type           Power      Damage    Failure   Level
 Call Canine Familiar     Summ           16%        N/A       24%         3
 Maxwell's Portable Pile  Tloc           16%        2d(6-18)  24%         3
 Sigil of Binding         Hex            16%        N/A       24%         3
 Arcjolt                  Conj/Air       8%         1d18      43%         5
 Lee's Rapid Deconstruct  Erth           8%         3d7*      43%         5
 Dimensional Bullseye     Hex/Tloc       8%         N/A       58%         4
 Leda's Liquefaction      Alch/Erth      8%         N/A       58%         4
 Permafrost Eruption      Ice/Erth       8%         2x4d3     89%         6
 Maxwell's Capacitive Co  Air            8%         ∞         99%         8


Dungeon Overview and Level Annotations

Branches:
Dungeon (8/15)             Temple (0/1) D:6            Lair (2/5) D:8
Ossuary (visited)          Bailey (visited)
  Swamp: Lair:2-3    Shoals: Lair:2-3     Snake: Lair:2-3    Spider: Lair:2-3

Altars:
Fedhas
Gozag
Hepliaklqana
Nemelex Xobeh
Qazlal
Ru
Trog
Uskayaw
Vehumet

Shops:
D:2 [   D:5 *

Annotations:
Lair:2 Maggie


Innate Abilities, Weirdness & Mutations

You have very sharp teeth.
Your uncanny sense of smell can sniff out nearby items.
Your experience applies equally to all skills.


Message History

Confirm with . or Enter, or press ? or * to list all spells.
Aiming: Sandblast (safe; 2% risk of failure)
Press: ? - help, Shift-Dir - straight line, f/p - komodo dragon
Aim: a komodo dragon (moderately wounded, very poisoned, 87% to hit)
The blast of sand hits the komodo dragon but does no damage.
The komodo dragon is moderately wounded.
The komodo dragon bites you!!
Unknown command.
Casting: Sandblast (safe; 2% risk of failure)
Confirm with . or Enter, or press ? or * to list all spells.
Aiming: Sandblast (safe; 2% risk of failure)
Press: ? - help, Shift-Dir - straight line, f/p - komodo dragon
Aim: a komodo dragon (heavily wounded, poisoned, 87% to hit)
The blast of sand hits the komodo dragon but does no damage.
The komodo dragon is heavily wounded.
The komodo dragon barely misses you.
The komodo dragon bites you but does no damage.
Casting: Sandblast (safe; 2% risk of failure)
Confirm with . or Enter, or press ? or * to list all spells.
Aiming: Sandblast (safe; 2% risk of failure)
Press: ? - help, Shift-Dir - straight line, f/p - komodo dragon
Aim: a komodo dragon (heavily wounded, poisoned, 87% to hit)
The blast of sand hits the komodo dragon but does no damage.
The komodo dragon is heavily wounded.
A cane toad comes into view.
The komodo dragon bites you.
Casting: Sandblast (safe; 2% risk of failure)
Confirm with . or Enter, or press ? or * to list all spells.
Aiming: Sandblast (safe; 2% risk of failure)
Press: ? - help, Shift-Dir - straight line, f/p - komodo dragon
Aim: a komodo dragon (heavily wounded, poisoned, 87% to hit)
The blast of sand hits the komodo dragon.
The komodo dragon is heavily wounded.
The cane toad gives a loud, deep croak!
The komodo dragon bites you. The komodo dragon bites you!
* * * LOW HITPOINT WARNING * * *
Unknown command.
As you read the scroll of summoning, it crumbles to dust.
Wisps of shadow whirl around you... The komodo dragon bites you!!
You die...

#..#....#.....#.....#.....##.....
##..#.........#.....##....##.....
#........#...#......#....#....#.
#..[.#..#....#.....#............
#.##...#..#.(.......#.##..#....#
#.##..##......F....##.#..##....#
#.....)........................#
#........#.....lF..............#
#.....##..#..F.@...h...........#
#.#....#.....h.Fh..............#
##..........#F.Fh..##.P#.##....#
##................# ###P.....
##..######.##....## #^..... #..#
#.##F....# ...+....# #..#
...##....###..###..... #..#
....##....'...........#
#..##.....##....#####.##....#


You could see a komodo dragon (poisoned, ally target), a cane toad, a friendly
cane toad (summoned), 5 friendly blink frogs and 4 friendly wolves.

Vanquished Creatures
  2 orc knights (Bailey)
  Jeremiah (D:7)
  A rime drake (Lair:1)
  2 komodo dragons (Lair:1)
  Prince Ribbit (D:5)
  2 wyverns (Lair:1)
  3 yaks
  A basilisk (Lair:2)
  8 orc warriors (Bailey)
  3 water moccasins (Lair:1)
  A swamp drake (D:7)
  2 ice beasts
  A wolf (Lair:1)
  3 ogres
  2 phantoms (D:4)
  2 elf zombies (Ossuary)
  2 kobold brigands (D:7)
  3 bullfrogs
  A scorpion (D:7)
  A burial acolyte (Ossuary)
  3 killer bees (D:7)
  3 centaur zombies (Ossuary)
  2 orc priests (D:8)
  A spectral scorpion (Ossuary)
  2 iguanas
  2 gnoll boudas
  An orc wizard (D:8)
  A crocodile zombie (Ossuary)
  A hound zombie (Ossuary)
  3 mummies (Ossuary)
  8 adders
  9 gnolls
  A river rat (D:5)
  A shadow imp (D:6)
  2 white imps
  4 adder zombies (Ossuary)
  2 dart slugs (D:4)
  23 orcs
  2 bats (D:1)
  4 endoplasms
  4 giant cockroaches
  2 gnoll zombies (Ossuary)
  5 hobgoblins
  3 jackals (D:4)
  8 kobolds
  3 quokkas
  8 ball pythons
  3 ball python zombies (Ossuary)
  8 goblins
  7 jackal zombies (Ossuary)
  4 kobold zombies (Ossuary)
  An orc zombie (Ossuary)
  2 rats (D:1)
175 creatures vanquished.

Vanquished Creatures (others)
  A black mamba (Lair:1)
  A goblin (D:7)
2 creatures vanquished.

Grand Total: 177 creatures vanquished

Notes
Turn   | Place    | Note
-------+----------+-------------------------------------------
     0 | D:1      | Reached skill level 10 in Armour
     0 | D:1      | zazu2006 the Gnoll Wanderer began the quest for the Orb.
     0 | D:1      | zazu2006 set off with the following items: a +0
                  | quarterstaff, a +0 chain mail, a wand of polymorph (3), a
                  | potion of lignification.
     0 | D:1      | Reached XP level 1. HP: 17/17 MP: 1/1
   119 | D:1      | Reached XP level 2. HP: 20/23 MP: 2/2
   228 | D:1      | Found a faded altar of an unknown god.
   322 | D:2      | Found Coch's Armour Boutique.
   335 | D:2      | Reached XP level 3. HP: 24/28 MP: 2/4
   380 | D:2      | Reached skill level 1 in Invocations
   425 | D:3      | Reached skill level 1 in Short Blades
   425 | D:3      | Reached skill level 1 in Long Blades
   425 | D:3      | Reached skill level 1 in Axes
   425 | D:3      | Reached skill level 1 in Maces & Flails
   425 | D:3      | Reached skill level 1 in Polearms
   425 | D:3      | Reached skill level 1 in Ranged Weapons
   425 | D:3      | Reached skill level 1 in Dodging
   425 | D:3      | Reached skill level 1 in Shields
   425 | D:3      | Reached skill level 1 in Unarmed Combat
   425 | D:3      | Reached skill level 1 in Spellcasting
   581 | D:4      | Found a blossoming altar of Fedhas.
   594 | D:4      | Reached skill level 1 in Shapeshifting
   594 | D:4      | Reached XP level 4. HP: 34/34 MP: 5/5
   680 | D:4      | Reached skill level 1 in Conjurations
   680 | D:4      | Reached skill level 1 in Hexes
   680 | D:4      | Reached skill level 1 in Summonings
   680 | D:4      | Reached skill level 1 in Necromancy
   680 | D:4      | Reached skill level 1 in Translocations
   680 | D:4      | Reached skill level 1 in Fire Magic
   680 | D:4      | Reached skill level 1 in Ice Magic
   680 | D:4      | Reached skill level 1 in Air Magic
   680 | D:4      | Reached skill level 1 in Earth Magic
   680 | D:4      | Reached skill level 1 in Alchemy
   770 | D:4      | Noticed a phantom
   785 | D:4      | Killed a phantom
   786 | D:4      | Reached XP level 5. HP: 33/41 MP: 7/7
   875 | D:4      | Noticed a phantom
   896 | D:4      | Killed a phantom
   897 | D:4      | Reached XP level 6. HP: 43/47 MP: 7/9
   923 | D:5      | Entered Level 5 of the Dungeon
   948 | D:5      | Found a radiant altar of Vehumet.
   951 | D:5      | Found a hazy altar of Hepliaklqana.
   952 | D:5      | Noticed Ijyb
   956 | D:5      | Ijyb changed into Ijyb the river rat
   956 | D:5      | Noticed Ijyb
   960 | D:5      | Killed Ijyb the river rat
   985 | D:5      | Became a worshipper of Vehumet
   992 | D:5      | Noticed an ice beast
   993 | D:5      | Found Cyh Pet's General Store.
  1004 | D:5      | Killed an ice beast
  1084 | D:5      | Reached XP level 7. HP: 52/52 MP: 10/10
  1126 | D:5      | Found a sand-covered staircase.
  1145 | Ossuary  | Entered an ossuary
  1393 | Ossuary  | Reached * piety under Vehumet
  1393 | Ossuary  | Offered knowledge of Sandblast by Vehumet.
  1694 | Ossuary  | Reached XP level 8. HP: 56/60 MP: 12/12
  1934 | Ossuary  | Learned a level 1 spell: Sandblast
  2009 | D:5      | Identified the +0 chain mail of the Evening Star {Dex+3}
  2050 | D:5      | Noticed Prince Ribbit
  2079 | D:5      | Killed Prince Ribbit
  2207 | D:6      | Found a staircase to the Ecumenical Temple.
  2214 | D:6      | Reached skill level 11 in Armour
  2531 | D:6      | Identified the +1 scale mail "Riopnyg" {Harm rN+ Int+4
                  | Dex-4}
  2615 | D:7      | Found a bloodstained altar of Trog.
  2700 | D:7      | Reached XP level 9. HP: 41/66 MP: 14/14
  2729 | D:7      | Offered knowledge of Mercury Vapours by Vehumet.
  2730 | D:7      | Reached ** piety under Vehumet
  2754 | D:7      | Found a flagged portal.
  2763 | Bailey   | Entered a bailey
  3044 | Bailey   | Reached skill level 5 in Fighting
  3044 | Bailey   | Reached skill level 5 in Staves
  3044 | Bailey   | Reached skill level 5 in Throwing
  3044 | Bailey   | Reached skill level 5 in Evocations
  3229 | Bailey   | Noticed an orc knight
  3402 | Bailey   | Reached skill level 5 in Stealth
  3597 | Bailey   | Noticed an orc knight
  3633 | Bailey   | Killed an orc knight
  3634 | Bailey   | Reached skill level 5 in Invocations
  3806 | Bailey   | Killed an orc knight
  3953 | Bailey   | Reached skill level 5 in Short Blades
  3953 | Bailey   | Reached skill level 5 in Long Blades
  3953 | Bailey   | Reached skill level 5 in Axes
  3953 | Bailey   | Reached skill level 5 in Maces & Flails
  3953 | Bailey   | Reached skill level 5 in Polearms
  3953 | Bailey   | Reached skill level 5 in Ranged Weapons
  3953 | Bailey   | Reached skill level 5 in Dodging
  3953 | Bailey   | Reached skill level 5 in Shields
  3953 | Bailey   | Reached skill level 5 in Unarmed Combat
  3953 | Bailey   | Reached skill level 5 in Spellcasting
  3953 | Bailey   | Reached XP level 10. HP: 54/76 MP: 17/17
  4440 | D:7      | Noticed Jeremiah
  4464 | D:7      | Killed Jeremiah
  4526 | D:8      | Offered knowledge of Hailstorm by Vehumet.
  4694 | D:8      | Found a staircase to the Lair.
  4710 | Lair:1   | Entered Level 1 of the Lair of Beasts
  4831 | D:8      | Found a sparkling altar of Nemelex Xobeh.
  4832 | D:8      | Found an opulent altar of Gozag.
  4834 | D:8      | Found a hide-covered altar of Uskayaw.
  4852 | D:8      | Found a sacrificial altar of Ru.
  4853 | D:8      | Found a stormy altar of Qazlal.
  4891 | D:8      | Acquired 431 gold pieces
  4970 | Lair:1   | Reached *** piety under Vehumet
  4971 | Lair:1   | Reached skill level 5 in Shapeshifting
  5363 | Lair:1   | Learned a level 3 spell: Hailstorm
  5447 | Lair:1   | Noticed an elephant
  5487 | Lair:1   | Noticed a black mamba
  5804 | Lair:2   | Noticed Maggie
  5891 | Lair:1   | Noticed a boulder beetle
  5919 | Lair:1   | Noticed a black mamba
  5947 | Lair:1   | Noticed a cane toad
  5949 | Lair:1   | Slain by a komodo dragon

Illustrated notes

Levels and vault maps discovered:
D:1:      ncdulo_smallfort, layout_basic, basic_ecumenical_altar,
          chequers_serial_rivers_micro_d, minmay_split_cup_large
D:2:      layout_basic, serial_shops, nicolae_shop_tiny_waterfront,
          chequers_mini_garden, chequers_serial_rivers_micro_e
D:3:      wander_river, layout_loops_ring, lemuel_crystal_altar
D:4:      layout_rooms, overflow_temple_1_default, minmay_unequal
D:5:      layout_basic, chequers_temple_overflow_statue_of_worship,
          old_standard_altar, enter_ossuary_1, serial_shops,
          nicolae_square_shop, hangedman_decor_diamond_cutter, uniq_ijyb,
          uniq_prince_ribbit1
D:6:      layout_basic, elyvilon_altar_5, minmay_temple_entry_trees
D:7:      layout_gridville, nicolae_wu_jian_immortal_techniques,
          mainiacjoe_overflow_alcove_4, enter_bailey_3, uniq_duvessa,
          uniq_jeremiah
D:8:      layout_gridville, grunt_temple_overflow_open, dpeg_oklobed_lair
Lair:1:   layout_regular_city, minivault_26, minmay_shattered_shrine
Lair:2:   layout_chaotic_city, minivault_24, nicolae_quartered_pool_super,
          nzn_masters_of_martial_movement, grunt_megastairs_1,
          lemuel_fruit_tree, lemuel_fruit_fields, serial_bayou_shore_b,
          uniq_maggie

Skill      XL: |  1  2  3  4  5  6  7  8  9 10 |
---------------+-------------------------------+-----
Armour         | 11 | 11.9
Invocations    | 1 2 3 4 5 6 |  6.5
Short Blades   | 1 2 3 5 |  5.9
Long Blades    | 1 2 3 5 |  5.9
Axes           | 1 2 3 5 |  5.9
Maces & Flails | 1 2 3 5 |  5.9
Polearms       | 1 2 3 5 |  5.9
Ranged Weapons | 1 2 3 5 |  5.9
Dodging        | 1 2 3 5 |  5.9
Shields        | 1 2 3 5 |  5.9
Unarmed Combat | 1 2 3 5 |  5.9
Spellcasting   | 1 2 3 5 |  5.9
Shapeshifting  | 1 2 3 4 5 |  5.4
Conjurations   | 1 2 3 4 |  4.9
Hexes          | 1 2 3 4 |  4.9
Summonings     | 1 2 3 4 |  4.9
Necromancy     | 1 2 3 4 |  4.9
Translocations | 1 2 3 4 |  4.9
Fire Magic     | 1 2 3 4 |  4.9
Ice Magic      | 1 2 3 4 |  4.9
Air Magic      | 1 2 3 4 |  4.9
Earth Magic    | 1 2 3 4 |  4.9
Alchemy        | 1 2 3 4 |  4.9
Fighting       | 3 4 5 6 |  6.5
Staves         | 3 4 5 6 |  6.5
Throwing       | 3 4 5 6 |  6.5
Evocations     | 3 4 5 6 |  6.5
Stealth        | 3 4 5 6 |  6.4

Action                     |  1- 3 |  4- 6 |  7- 9 | 10-12 || total
---------------------------+-------+-------+-------+-------++-------
  Melee: Quarterstaff      |    99 |   121 |   414 |   170 ||   804
         Staff             |     8 |       |       |       ||     8
         Bite              |    10 |    15 |    57 |    20 ||   102
  Throw: Dart              |     5 |     8 |   104 |    28 ||   145
   Cast: Sandblast         |       |       |       |    19 ||    19
         Hailstorm         |       |       |       |     4 ||     4
  Evoke: Wand              |       |     4 |    15 |    13 ||    32
    Use: Scroll            |       |     7 |       |    14 ||    21
         Potion            |       |       |     3 |     1 ||     4
   Stab: Invisible         |       |       |     1 |     3 ||     4
 Armour: Chain mail        |   122 |   172 |   522 |   227 ||  1043
         Skin              |       |       |     7 |       ||     7
  Dodge: Dodged            |    60 |    43 |   231 |    93 ||   427

Table legend: (Time is in decaauts)
 A = Elapsed time spent in this place.
 B = Non-inter-level travel time spent in this place.
 C = Inter-level travel time spent in this place.
 D = Time resting spent in this place.
 E = Time spent auto-exploring this place.
 F = Levels seen in this place.
 G = Mean time per level.
                   A        B        C        D        E       F      G
               +--------+--------+--------+--------+--------+-----+--------+
         Total |   6005 |   5855 |    150 |    648 |   2061 |  12 |  500.4 |
       Dungeon |   2811 |   2715 |     96 |    222 |    783 |   8 |  351.4 |
          Lair |   1006 |    952 |     54 |    170 |    110 |   2 |  503.0 |
       Ossuary |    817 |    817 |      0 |      0 |    412 |   1 |  817.0 |
        Bailey |   1369 |   1369 |      0 |    255 |    756 |   1 | 1369.0 |
               +--------+--------+--------+--------+--------+-----+--------+

Top non-repeatable levels by time:
  Bailey: 1369 daAuts
  Lair:1: 966 daAuts
 Ossuary: 817 daAuts
     D:7: 666 daAuts
     D:5: 497 daAuts
     D:4: 381 daAuts
     D:6: 371 daAuts
     D:8: 325 daAuts
     D:1: 262 daAuts
     D:2: 167 daAuts
     D:3: 141 daAuts
  Lair:2: 40 daAuts
